AoeStats
← ErickthrsherSK8

Arabia

509780412Analyzed
2v2 RM · 3d ago on Sep 28, 2026· 52m 3s· 4 players
Game mode
Random Map
Map size
Medium (4 player)
Population
200
Speed
Normal
Resources
Standard
Victory
Conquest
Starting age
Dark Age
Ending age
Imperial Age
RankedLock teamsTeams togetherTeam positionsShared explorationLock speedFull tech treeHidden civsTurbo modeCheats
Victory
Defeat
🇮🇹 Bengalis · Italy
704
+14
🇮🇹 Inca · Italy
624
+16
🇨🇱 Slavs · Chile
670
-16
🇨🇱 Malians · Chile
626
-14
ErickthrsherSK8
2:57 Loom
12:07 Feudal Age
13:39 Double-Bit Axe
18:31 Castle Age
20:37 Squires
22:53 Horse Collar
24:35 Scale Barding Armor
26:50 Husbandry
31:31 Wheelbarrow
33:39 Town Watch
44:31 Hand Cart
46:50 Elite Skirmisher
diego.garatec
9:59 Loom
14:37 Feudal Age
18:52 Double-Bit Axe
23:01 Castle Age
24:32 Scale Barding Armor
25:13 Forging
38:57 Imperial Age
38:06 Elite Skirmisher
42:02 Pikeman
buscaleroy
6:37 Loom
12:34 Feudal Age
13:10 Double-Bit Axe
15:34 Champi Runner
16:54 Horse Collar
18:59 Gold Mining
21:32 Arson
23:29 Scale Mail Armor
27:16 Castle Age
25:25 Stone Mining
28:01 Forging
28:02 Heavy Plow
28:15 Bow Saw
30:27 Pikeman
31:36 Chain Mail Armor
32:47 Squires
34:09 Iron Casting
34:20 Champi Warrior
38:06 Wheelbarrow
38:11 Fletching
43:44 Imperial Age
40:47 Elite Skirmisher
44:34 Ballistics
44:12 Murder Holes
45:04 Crop Rotation
44:35 Elite Champi Warrior
45:49 Capped Ram
47:57 Chemistry
47:19 Hand Cart
50:20 Onager
marcobusca96
8:48 Loom
14:26 Feudal Age
15:21 Horse Collar
15:30 Double-Bit Axe
16:53 Wheelbarrow
16:05 Town Watch
20:00 Scale Barding Armor
20:07 Forging
22:38 Castle Age
21:18 Fletching
21:30 Padded Archer Armor
23:10 Pikeman
23:56 Squires
23:16 Pikeman
26:14 Husbandry
29:52 Bloodlines
31:05 Bodkin Arrow
31:12 Scale Mail Armor
31:46 Light Cavalry
33:04 Elite Skirmisher
37:50 Iron Casting
Connection lost

Rejoining the realm…

Still unreachable

The connection could not be restored.

Session expired

The server has moved on; the page needs a fresh start.